Map: Port Aleksander LE

Players

LiquidTLO (TLO) - Winner!

  • Race: Zerg Zerg
  • League: Master
  • Spawn Location: 5:00

Silky

  • Race: Zerg Zerg
  • Spawn Location: 11:00

Event: 2019 WCS Winter Americas

VOD

Have the link to the VOD?

Description

Time

  • Played on: Feb. 9, 2019, 1:06 p.m.
  • Length: 10:18

All games in this series

Show
View Real Time Build Order
Export as new Build Order

LiquidTLO Zerg - Winner!

Build Orders: Hatch First, Roach Nydus 

Get SALT Encoding   

  12  0:00  Drone  
  13  0:12  Overlord  
  13  0:17  Drone  
  14  0:30  Drone  
  14  0:31  Drone  
  14  0:34  Drone  
  17  0:52  Hatchery  
  17  0:55  Drone  
  17  1:08  Spawning Pool  
  16  1:12  Drone  
  16  1:16  Drone  
  18  1:19  Extractor  
  18  1:20  Drone  
  18  1:29  Drone  
  19  1:40  Drone  
  20  1:50  Overlord  
  20  1:55  Queen  
  22  2:04  Queen, Zergling x2  
  22  2:05  Drone  
  26  2:11  Drone  
  26  2:15  Drone  
  28  2:21  Drone  
  29  2:26  Drone  
  30  2:30  Queen  
  30  2:33  Drone  
  33  2:40  Evolution Chamber, Drone  
  33  2:45  Overlord  
  33  2:50  Overlord  
  33  2:56  Drone  
  34  2:59  Drone  
  34  3:02  Drone  
  34  3:04  Drone x2  
  37  3:06  Drone, Zerg Missile Weapons Level 1  
  37  3:09  Drone  
  37  3:12  Drone  
  40  3:13  Drone x2  
  40  3:17  Drone  
  43  3:23  Extractor  
  43  3:24  Lair  
  42  3:29  Overlord  
  42  3:30  Drone  
  43  3:37  Roach Warren  
  43  3:39  Zergling x2  
  43  3:40  Drone  
  43  3:41  Extractor, Drone  
  43  3:43  Drone  
  43  3:45  Drone  
  46  3:50  Drone x2  
  46  3:51  Drone  
  46  3:54  Drone  
  50  4:05  Overlord  
  50  4:10  Extractor  
  49  4:18  Roach x2  
  49  4:22  Nydus Network  
  54  4:24  Roach x5  
  54  4:30  Glial Reconstitution  
  62  4:35  Hatchery  
  61  4:39  Roach  
  61  4:43  Roach x2  
  67  4:49  Overlord  
  67  4:59  Nydus Canal  
  67  5:03  Zerg Missile Weapons Level 2  
  67  5:07  Overlord  
  67  5:08  Roach  
  67  5:10  Roach x3  
  75  5:16  Nydus Canal  
  75  5:26  Drone x2  
  75  5:27  Drone  
  75  5:28  Drone x3  
  81  5:29  Drone  
  81  5:34  Spire  
  81  5:36  Drone  
  81  5:37  Drone  
  81  5:41  Roach  
  84  5:50  Roach x2  
  84  5:52  Roach  
  84  5:55  Roach  
  90  6:02  Overlord  
  90  6:05  Overlord  
  90  6:10  Overlord  
  86  6:13  Overlord  
  86  6:17  Roach  
  86  6:18  Roach  
  90  6:21  Drone  
  90  6:23  Roach  
  91  6:30  Queen  
  91  6:45  Mutalisk x6  
  103  6:55  Roach x2  
  103  6:56  Drone x4  
  103  6:57  Roach x2  
  115  7:03  Mutalisk, Overlord  
  117  7:11  Zerg Flyer Weapons Level 1  
  117  7:15  Overlord x2  
  117  7:21  Overlord x3  
  117  7:23  Roach  
  117  7:25  Overlord  
  117  7:28  Roach  
  121  7:34  Overlord  
  121  7:35  Roach x4  
  129  7:39  Drone  
  129  7:40  Roach  
  129  7:41  Roach  
  129  7:43  Drone  
  135  7:47  Roach x3  
  137  7:52  Roach  
  137  7:53  Roach x2  
  137  7:55  Roach  
  137  7:56  Drone x2  
  147  7:58  Extractor  
  147  7:59  Extractor  
  147  8:02  Roach  
  147  8:07  Nydus Canal  
  147  8:08  Roach  
  147  8:09  Roach  
  151  8:13  Roach x2  
  151  8:14  Roach  
  151  8:16  Roach  
  151  8:17  Roach  
  151  8:18  Roach  
  163  8:21  Roach x2  
  163  8:22  Nydus Canal  
  163  8:24  Roach  
  163  8:26  Roach  
  171  8:32  Roach  
  173  8:34  Roach  
  173  8:35  Roach  
  173  8:36  Nydus Canal  
  173  8:39  Overlord  
  173  8:40  Overlord  
  177  8:55  Overlord, Burrow  
  177  9:05  Mutalisk  
  177  9:07  Roach  
  177  9:08  Roach x2  
  179  9:11  Roach x2  
  179  9:13  Roach  
  185  9:18  Roach  
  185  9:20  Roach x2  
  191  9:27  Roach x2  
  191  9:28  Roach  
  187  9:36  Nydus Canal  
  185  9:39  Roach x3  
  185  9:40  Roach  
  185  9:41  Roach  
  185  9:45  Roach  
  197  9:47  Roach  
  197  9:48  Roach  
  197  9:50  Roach  
  197  9:56  Hydralisk Den  
  197  9:58  Roach  
Show
View Real Time Build Order
Export as new Build Order

Silky Zerg 

Build Orders: Hatch First 

Get SALT Encoding   

  12  0:15  Drone  
  12  0:18  Overlord  
  12  0:21  Drone  
  14  0:37  Drone  
  14  0:38  Drone  
  16  0:51  Hatchery  
  16  0:55  Drone  
  16  0:59  Drone  
  17  1:09  Drone  
  18  1:13  Extractor  
  17  1:19  Spawning Pool  
  17  1:22  Drone  
  17  1:31  Drone  
  18  1:42  Drone  
  19  1:53  Drone  
  20  2:04  Drone x2  
  20  2:05  Queen  
  20  2:06  Queen  
  26  2:14  Drone  
  26  2:15  Drone  
  28  2:26  Overlord  
  28  2:36  Hatchery  
  27  2:39  Drone  
  27  2:44  Overlord  
  28  2:45  Drone  
  28  2:49  Evolution Chamber  
  28  2:50  Drone x2  
  30  3:03  Drone x2  
  32  3:07  Drone  
  32  3:11  Drone  
  34  3:14  Roach Warren  
  34  3:15  Drone  
  34  3:16  Drone, Zerg Missile Weapons Level 1  
  34  3:19  Drone  
  36  3:25  Overlord  
  36  3:36  Extractor  
  36  3:38  Extractor  
  36  3:39  Drone x2  
  36  3:43  Overlord  
  36  3:46  Drone x4  
  36  3:47  Drone x3  
  43  3:54  Roach x2  
  47  3:58  Drone x3  
  50  4:05  Lair  
  50  4:08  Roach  
  52  4:12  Overlord  
  52  4:15  Roach  
  54  4:18  Roach  
  54  4:21  Overlord  
  56  4:27  Overlord  
  56  4:30  Roach x2  
  60  4:36  Roach x3  
  66  4:41  Roach x2  
  70  4:45  Queen  
  70  4:50  Overlord  
  70  4:52  Roach  
  74  4:57  Roach x2  
  78  5:01  Overlord  
  78  5:02  Roach  
  78  5:04  Glial Reconstitution  
  80  5:09  Roach  
  80  5:12  Roach  
  80  5:14  Roach  
  86  5:16  Roach  
  88  5:27  Roach x3  
  88  5:28  Roach  
  96  5:30  Overlord  
  96  5:37  Queen  
  96  5:40  Roach  
  96  5:42  Zerg Missile Weapons Level 2  
  98  5:43  Overlord  
  96  5:50  Roach x3  
  98  6:01  Roach x3  
  98  6:02  Roach  
  97  6:04  Drone x2  
  97  6:05  Drone  
  97  6:08  Drone x2  
  97  6:10  Drone  
  95  6:13  Drone x2  
  95  6:18  Drone x2  
  97  6:19  Drone  
  97  6:24  Roach  
  97  6:25  Roach  
  94  6:31  Roach  
  94  6:32  Ravager  
  97  6:35  Roach x2  
  101  6:40  Roach  
  101  6:41  Ravager  
  101  6:44  Ravager  
  101  6:45  Overlord  
  101  6:46  Queen  
  107  6:47  Roach  
  109  6:56  Drone  
  109  6:57  Drone x4  
  114  7:02  Overlord, Queen  
  114  7:03  Overlord, Extractor  
  114  7:05  Extractor  
  114  7:06  Ravager  
  114  7:08  Roach  
  117  7:12  Overlord  
  117  7:15  Overlord  
  117  7:19  Overlord  
  117  7:22  Spore Crawler x3  
  115  7:24  Queen  
  115  7:26  Drone x2  
  115  7:29  Queen  
  120  7:34  Drone x2  
  120  7:36  Spore Crawler  
  121  7:42  Roach x2  
  121  7:45  Drone x3  
  121  7:46  Drone  
  121  7:52  Roach x2  
  121  7:55  Drone x3  
  121  7:56  Roach  
  130  8:01  Ravager x3  
  133  8:09  Roach x3  
  139  8:18  Roach x3  
  145  8:27  Overlord  
  145  8:30  Overlord  
  145  8:32  Overlord x2  
  145  8:40  Overlord  
  145  8:42  Overlord  
  145  8:44  Ravager  
  145  8:45  Queen  
  145  8:46  Roach  
  145  8:47  Roach x2  
  145  8:48  Overlord  
  154  8:52  Roach x3  
  154  8:53  Roach x3  
  166  8:56  Roach  
  166  8:59  Roach  
  170  9:04  Overlord  
  170  9:09  Roach x2  
  174  9:16  Roach x2  
  178  9:23  Roach x2  
  178  9:24  Roach x2  
  186  9:31  Roach x2  
  186  9:35  Roach  
  186  9:36  Roach x2  
  192  9:40  Ravager x2  
  192  9:42  Overseer  
  192  9:44  Hatchery  
  187  9:50  Drone  
  187  9:51  Drone  
  191  9:53  Roach, Hydralisk Den  
  191  9:57  Roach x3  
Tags
 
Add a new tag
Caveats
  • Supply blocks, unpowered buildings, or Contaminate may cause inaccurate times.
  • Supply counts are checked every 10 seconds.